 Dungeon Crawl Stone Soup version 0.17.1-1-g73c8601 (webtiles) character file.

5879 qaqawko the Blocker (level 10, -1/90 HPs)
             Began as a Minotaur Fighter on Dec 19, 2015.
             Was a Believer of the Shining One.
             Slain by an iron golem (27 damage)
             ... on level 8 of the Dungeon.
             The game lasted 00:32:04 (7236 turns).

qaqawko the Blocker (Minotaur Fighter)              Turns: 7236, Time: 00:32:04

Health: -1/90      AC: 14    Str: 27    XL:     10   Next: 52%
Magic:  10/10      EV:  8    Int:  5    God:    the Shining One [**....]
Gold:   160        SH: 16    Dex: 10    Spells: 0 memorised, 9 levels left

rFire  . . .     SeeInvis .     D - +0 war axe (elec)
rCold  . . .     Clarity  .     E - +0 plate armour
rNeg   + . .     SustAt   .     c - +0 shield
rPois  +         Gourm    .     (helmet restricted)
rElec  .         Spirit   .     (no cloak)
rCorr  .         Warding  .     (no gloves)
rMut   .         Stasis   .     (no boots)
MR     .....                    (no amulet)
Stlth  ..........               t - +3 ring of strength
                                l - ring of poison resistance

@: divine shield, glowing, not resistant to hostile enchantments, extremely
unstealthy
A: retaliatory headbutt, horns 2
a: Divine Shield, Renounce Religion


You were on level 8 of the Dungeon.
You worshipped the Shining One.
The Shining One was pleased with you.
You were hungry.

You visited 1 branch of the dungeon, and saw 9 of its levels.

You collected 440 gold pieces.
You spent 280 gold pieces at shops.

Inventory:

Hand Weapons
 a - a +1 war axe
 w - a +1 mace of crushing
 D - a +0 war axe of electrocution (weapon)
Armour
 c - a +0 shield (worn)
 n - a +1 chain mail of cold resistance
 E - a +0 plate armour (worn)
Jewellery
 l - a ring of poison resistance (left hand)
 r - an uncursed ring of flight
 t - a +3 ring of strength (right hand)
 x - an uncursed ring of protection from magic
 A - an uncursed ring of fire
Wands
 o - a wand of hasting (6)
 C - a wand of magic darts (29)
 F - a wand of enslavement (8)
Scrolls
 b - 3 scrolls of enchant weapon
 d - 2 scrolls of recharging
 g - 3 scrolls of fear
 i - 2 scrolls of teleportation
 j - a scroll of magic mapping
 m - 9 scrolls of identify
 p - 6 scrolls of remove curse
 v - 3 scrolls of blinking
 y - a scroll of amnesia
 z - a scroll of noise
Potions
 q - 5 potions of heal wounds
 s - 8 potions of curing
 u - 2 potions of haste
 B - a potion of agility
 H - 3 potions of poison {unknown}
Comestibles
 e - 3 bread rations
 f - 2 slices of pizza
 h - 2 beef jerkies
 k - 4 meat rations
 G - 27 fruits
 I - 3 chunks of flesh


   Skills:
 + Level 8.6 Fighting
 + Level 9.9 Axes
 + Level 9.5 Armour
 + Level 4.9 Dodging
 + Level 1.5 Stealth
 + Level 10.1 Shields
 + Level 1.6 Invocations


You had 9 spell levels left.
You didn't know any spells.

Dungeon Overview and Level Annotations

Branches:
Dungeon (9/15)             Temple (0/1) D:5
   Lair: D:8-11         Orc: D:9-12

Altars:
Elyvilon
Fedhas
Makhleb
Nemelex Xobeh
Trog
Xom
Yredelemnul
The Shining One

Shops:
D:5 !   D:6 [   D:8 !

Annotations:
D:3 1 runed door


Innate Abilities, Weirdness & Mutations

You reflexively headbutt those who attack you in melee.
You have a pair of horns on your head.


Message History

* * * LOW HITPOINT WARNING * * *
You slash the iron golem!
The iron golem is almost destroyed.
You block the iron golem's attack.
You hit the iron golem but do no damage.
You headbutt the iron golem.
The iron golem is almost destroyed.
You hit the iron golem but do no damage.
You headbutt the iron golem.
The iron golem is almost destroyed.
You block the iron golem's attack.
You hit the iron golem but do no damage.
You headbutt the iron golem, but do no damage.
The iron golem is almost destroyed.
You block the iron golem's attack.
You hit the iron golem.
The iron golem is almost destroyed.
Your divine shield starts to fade.
The iron golem hits you!!
You die...

###########....##
#........#......##
#................#
#.......(........#
#######........#.>)...####
#.................[......##
###..##........###.........
##.......8...####..##....
###....@..........######
##..#########.........
##<### #..##..... ####....#
#...#..... #.......#
######..#.....
#.####..###...##..#.....
#.# #.........#........
######.#
#...........##..<..
##...##.#
###.#.....#.##.#...


You could see an iron golem.

Vanquished Creatures
  The ghost of Genom09 the Transmogrifier, a novice MfTm of Cheibriados (D:8)
  Pikel (D:7)
  The ghost of mif the Basher, a novice MiBe of Trog (D:6)
  A troll (D:9)
  Sigmund (D:5)
  A wyvern (D:8)
  A steam dragon (D:9)
  A black bear (D:8)
  2 ice beasts (D:5)
  3 orc warriors
  A sky beast (D:7)
  4 phantoms
  A necrophage (D:6)
  A slave (D:7)
  6 ogres
  2 centaurs (D:6)
  The ghost of DeXoteric the Changer, an amateur OpTm of Cheibriados (D:3)
  2 big kobolds (D:9)
  3 giant frogs
  A scorpion (D:4)
  5 wights (D:7)
  3 crimson imps
  5 orc priests
  2 jellies
  A giant frog zombie (D:8)
  2 giant frog skeletons
  5 hounds
  7 orc wizards
  5 iguanas
  8 worker ants
  Robin (D:3)
  8 adders
  4 gnolls (D:4)
  A shadow imp (D:9)
  3 adder skeletons
  A worm (D:6)
  2 giant geckos
  40 orcs
  10 bats
  4 giant cockroaches
  15 goblins
  7 hobgoblins
  12 jackals
  4 quokkas
  A ball python (D:5)
  A giant gecko skeleton (D:5)
  5 giant newts
  12 kobolds
  3 rats
212 creatures vanquished.

Vanquished Creatures (others)
  An iguana (D:7)
1 creature vanquished.

Grand Total: 213 creatures vanquished

Notes
Turn   | Place    | Note
--------------------------------------------------------------
     0 | D:1      | qaqawko the Minotaur Fighter began the quest for the Orb.
     0 | D:1      | Reached XP level 1. HP: 19/19 MP: 0/0
   132 | D:1      | Reached skill level 4 in Fighting
   154 | D:1      | Reached XP level 2. HP: 27/27 MP: 1/1
   462 | D:1      | Reached XP level 3. HP: 31/33 MP: 2/2
   765 | D:1      | Reached skill level 1 in Dodging
  1035 | D:2      | Reached XP level 4. HP: 38/40 MP: 3/3
  1261 | D:3      | Found a sparkling altar of Nemelex Xobeh.
  1328 | D:3      | Found a shimmering altar of Xom.
  1416 | D:3      | Reached XP level 5. HP: 25/47 MP: 4/4
  1458 | D:3      | Noticed DeXoteric's ghost (amateur OpTm)
  1464 | D:3      | Killed DeXoteric's ghost
  1540 | D:3      | Found a basalt altar of Yredelemnul.
  1548 | D:3      | Found a bloodstained altar of Trog.
  1557 | D:3      | Found a glowing golden altar of the Shining One.
  1635 | D:3      | Became a worshipper of the Shining One
  1653 | D:3      | Noticed Robin
  1661 | D:3      | Killed Robin
  1786 | D:3      | Found a runed door.
  1787 | D:3      | Found a white marble altar of Elyvilon.
  1787 | D:3      | Noticed an angel
  1903 | D:4      | Reached skill level 5 in Armour
  1905 | D:4      | Reached skill level 5 in Fighting
  1905 | D:4      | Reached skill level 5 in Shields
  1905 | D:4      | Reached XP level 6. HP: 31/56 MP: 5/5
  2281 | D:4      | Noticed a phantom
  2297 | D:4      | Killed a phantom
  2761 | D:5      | Entered Level 5 of the Dungeon
  2765 | D:5      | Reached XP level 7. HP: 52/61 MP: 6/6
  2789 | D:5      | Reached skill level 5 in Axes
  2802 | D:5      | Reached * piety under the Shining One
  2868 | D:5      | Reached skill level 6 in Armour
  3136 | D:5      | Reached XP level 8. HP: 70/70 MP: 7/7
  3206 | D:5      | Found Xigeutt's Distillery.
  3211 | D:5      | Noticed Sigmund
  3219 | D:5      | Killed Sigmund
  3226 | D:5      | Bought a potion of heal wounds for 75 gold pieces
  3226 | D:5      | Bought a potion of heal wounds for 75 gold pieces
  3414 | D:5      | Reached skill level 7 in Armour
  3419 | D:5      | Found a burning altar of Makhleb.
  3594 | D:5      | Found a staircase to the Ecumenical Temple.
  3930 | D:6      | Noticed mif's ghost (novice MiBe)
  3957 | D:6      | Killed mif's ghost
  3957 | D:6      | Reached XP level 9. HP: 48/79 MP: 8/8
  4208 | D:6      | Reached skill level 1 in Stealth
  4257 | D:6      | Found a blossoming altar of Fedhas.
  4368 | D:6      | Reached ** piety under the Shining One
  4412 | D:6      | Reached skill level 8 in Armour
  4426 | D:6      | Found Ramam's Antique Armour Shoppe.
  5538 | D:7      | Noticed Pikel
  5550 | D:7      | Killed Pikel
  5550 | D:7      | Reached skill level 9 in Shields
  5642 | D:7      | Reached skill level 1 in Invocations
  5800 | D:8      | Found Ruituf's Distillery.
  5824 | D:8      | Bought a potion of haste for 130 gold pieces
  5838 | D:8      | Reached XP level 10. HP: 88/88 MP: 9/9
  5864 | D:8      | Noticed Genom09's ghost (novice MfTm)
  5890 | D:8      | Killed Genom09's ghost
  6328 | D:9      | Noticed a centaur warrior
  6329 | D:9      | Noticed an iron golem
  6329 | D:9      | Noticed an iron golem
  6329 | D:9      | Noticed an iron golem
  6329 | D:9      | Noticed an iron golem
  6699 | D:9      | Reached skill level 10 in Shields
  6742 | D:9      | Reached *** piety under the Shining One
  7236 | D:8      | Slain by an iron golem

Action                   |  1- 3 |  4- 6 |  7- 9 | 10-12 || total
-------------------------+-------+-------+-------+-------++-------
Melee: War axe           |    96 |   145 |   289 |   118 ||   648
Invok: Divine Shield     |       |       |     2 |     5 ||     7
  Use: Scroll            |     4 |     9 |       |     2 ||    15
       Potion            |     2 |     6 |     4 |       ||    12
  Eat: Chunk             |     1 |     5 |    12 |     4 ||    22
